 Dungeon Crawl Stone Soup version 0.22.0-38-g04b72b8 (webtiles) character file.

1043595 Inarius the Middleweight Champion (level 27, -18/258 HPs)
             Began as a Ghoul Monk on Aug 27, 2018.
             Was the Champion of Nemelex Xobeh.
             Killed by dispel undead
             ... invoked by a Tzitzimitl
             ... called by a doom hound
              (39 damage)
             ... on level 3 of the Abyss on Aug 29, 2018.
             The game lasted 06:25:16 (101116 turns).

Inarius the Middleweight Champion (Ghoul Monk)    Turns: 101116, Time: 06:25:16

Health: -18/258    AC: 39    Str: 32 (41) XL:     27
Magic:  39/39      EV: 17    Int: -10 (0) God:    Nemelex Xobeh [******]
Gold:   9190       SH: 28    Dex: 10 (16) Spells: 32/32 levels left

rFire    + + .     SeeInvis +     - Unarmed
rCold    + + +     Gourm    .   M - +0 large shield
rNeg     + + +     Faith    .   z - +7 plate armour {MR+}
rPois    ∞         Spirit   .   Z - +2 helmet {SInv}
rElec    +         Reflect  .   J - +1 cloak of the Earth {rElec rCorr Str+8 Int-5}
rCorr    +         Harm     .   (no gloves)
MR       +++..                  D - +1 pair of boots {Stlth+}
Stlth    +++.......             l - amulet of regeneration
HPRegen  0.00/turn              a - ring "Ypetuun" {rF+ rC+ rN+ Str+5 Slay+2}
MPRegen  0.26/turn              r - ring "Dezxiuji" {+Inv rF+ rC+ Dex+5 Stlth+}

@: rotting, slowed, lost intelligence, very slow
A: rotting body, claws 1, carnivore, cold resistance 1, negative energy
resistance 3, inhibited regeneration, torment resistance, unbreathing
}: 7/15 runes: decaying, slimy, iron, obsidian, icy, bone, gossamer
a: Triple Draw, Deal Four, Stack Five, Renounce Religion, Evoke Invisibility


You were on level 3 of the Abyss.
You worshipped Nemelex Xobeh.
Nemelex Xobeh was exalted by your worship.
You were not hungry.

You visited 16 branches of the dungeon, and saw 85 of its levels.
You visited the Abyss 1 time.
You also visited: Labyrinth, Trove, Ice Cave, Volcano and Desolation.

You collected 11157 gold pieces.
You spent 1967 gold pieces at shops.

Inventory:

Armour
 z - a +7 plate armour of magic resistance (worn)
 D - a +1 pair of boots of stealth (worn)
 J - the +1 cloak of the Earth (worn) {rElec rCorr Str+8 Int-5}
   (You found it on level 7 of the Iron City of Dis)

   It affects your strength (+8).
   It affects your intelligence (-5).
   It insulates you from electricity.
   It provides partial protection from all sources of acid and corrosion.
 L - a scarf of resistance
 M - a +0 large shield (worn)
 Z - a +2 helmet of see invisible (worn)
Jewellery
 a - the ring "Ypetuun" (left claw) {rF+ rC+ rN+ Str+5 Slay+2}
   (You found it on level 7 of Gehenna)

   [ring of strength]

   It affects your strength (+5).
   It affects your accuracy and damage with ranged weapons and melee attacks
   (+2).
   It protects you from fire.
   It protects you from cold.
   It protects you from negative energy.
 l - an amulet of regeneration (around neck)
 r - the ring "Dezxiuji" (right claw) {+Inv rF+ rC+ Dex+5 Stlth+}
   (You found it in a treasure trove)

   [ring of protection from fire]

   It affects your dexterity (+5).
   It protects you from fire.
   It protects you from cold.
   It lets you turn invisible.
   It makes you more stealthy.
 E - the amulet "Inoal" {Gourm rPois MR+ Dex+4}
   (You found it on level 7 of Cocytus)

   [amulet of the gourmand]

   It allows you to eat raw meat even when not hungry.
   It affects your dexterity (+4).
   It protects you from poison.
   It affects your resistance to hostile enchantments.
 H - the ring of Shadows {Umbra +Inv Stlth+}
   (You took it off a deep elf demonologist on level 3 of the Elven Halls)

   [ring of stealth]

   It lets you turn invisible.
   It makes you more stealthy.
 P - the amulet of Ranuynet {Spirit rF- rC+ Int+4 Dex+3}
   (You found it in a labyrinth)

   [amulet of guardian spirit]

   It causes incoming damage to be split between your health and magic.
   It affects your intelligence (+4).
   It affects your dexterity (+3).
   It makes you vulnerable to fire.
   It protects you from cold.
 W - a +4 amulet of reflection
 X - the ring of Immorality {-Tele rElec rPois MR+ Int-3}
   (You found it in a labyrinth)

   [ring of protection from magic]

   It affects your intelligence (-3).
   It insulates you from electricity.
   It protects you from poison.
   It affects your resistance to hostile enchantments.
   It prevents most forms of teleportation.
Wands
 w - a wand of digging (47)
Scrolls
 c - 19 scrolls of teleportation
 d - 27 scrolls of remove curse
 g - 6 scrolls of fog
 n - 8 scrolls of immolation
 p - 2 scrolls of blinking
 C - 3 scrolls of fear
 I - a scroll of enchant armour
 K - 9 scrolls of identify
 U - 2 scrolls of silence
Potions
 e - 13 potions of flight
 j - 6 potions of resistance
 k - 2 potions of might
 o - 2 potions of magic
 q - 5 potions of heal wounds
 y - 2 potions of cancellation
 B - 2 potions of haste
 F - 5 potions of agility
 N - 13 potions of curing
 T - 2 potions of invisibility
Miscellaneous
 h - a legendary deck of escape {drawn: 4}
 i - an ornate deck of summoning {drawn: 1}
 s - an ornate deck of escape
 x - a legendary deck of destruction
 A - an ornate deck of summoning {drawn: 4}
 O - a legendary deck of destruction
 Q - an ornate deck of destruction
 R - a legendary deck of summoning {drawn: 4}
 S - an ornate deck of destruction
 V - an ornate deck of destruction {drawn: 2}
 Y - a legendary deck of summoning
Comestibles
 b - 98 rations


   Skills:
 * Level 23.1 Fighting
 + Level 0.5 Throwing
 * Level 25.7 Armour
 * Level 19.2 Dodging
 + Level 12.9 Stealth
 O Level 27 Shields
 O Level 27 Unarmed Combat
 + Level 3.4 Spellcasting
 * Level 26.9 Invocations
 + Level 1.6 Evocations


You had 32 spell levels left.
You didn't know any spells.
Your spell library contained the following spells:

 Spells                   Type           Power        Failure   Level  Hunger
 Animate Skeleton         Necr           N/A          83%         1    ##.....
 Apportation              Tloc           #.....       83%         1    ##.....
 Confusing Touch          Hex            #.....       83%         1    ##.....
 Corona                   Hex            #......      83%         1    ##.....
 Flame Tongue             Conj/Fire      #....        83%         1    ##.....
 Magic Dart               Conj           #...         83%         1    ##.....
 Pain                     Necr           #...         83%         1    ##.....
 Sandblast                Erth           #.....       83%         1    ##.....
 Shock                    Conj/Air       #...         83%         1    ##.....
 Sting                    Conj/Pois      #...         83%         1    ##.....
 Summon Butterflies       Summ           #.......     83%         1    ##.....
 Summon Small Mammal      Summ           #...         83%         1    ##.....
 Blink                    Tloc           N/A          92%         2    ###....
 Call Imp                 Summ           #.......     92%         2    ###....
 Corpse Rot               Necr           N/A          92%         2    ###....
 Ensorcelled Hibernation  Hex/Ice        #.....       92%         2    ###....
 Passwall                 Tmut/Erth      #.......     92%         2    ###....
 Poisonous Vapours        Pois/Air       #.....       92%         2    ###....
 Searing Ray              Conj           #.....       92%         2    ###....
 Shroud of Golubria       Chrm/Tloc      #.........   92%         2    ###....
 Slow                     Hex            #.......     92%         2    ###....
 Sticks to Snakes         Tmut           #.......     92%         2    ###....
 Swiftness                Chrm/Air       #.......     92%         2    ###....
 Throw Flame              Conj/Fire      #.....       92%         2    ###....
 Throw Frost              Conj/Ice       #.....       92%         2    ###....
 Call Canine Familiar     Summ           #.......     99%         3    ####...
 Confuse                  Hex            #.......     99%         3    ####...
 Conjure Flame            Conj/Fire      #.......     99%         3    ####...
 Dazzling Spray           Conj/Hex       #.....       99%         3    ####...
 Gell's Gravitas          Tloc           #.........   99%         3    ####...
 Ignite Poison            Fire/Tmut/Pois #.......     99%         3    ####...
 Inner Flame              Hex/Fire       #.......     99%         3    ####...
 Lesser Beckoning         Tloc           #.........   99%         3    ####...
 Mephitic Cloud           Conj/Pois/Air  #.......     99%         3    ####...
 Portal Projectile        Hex/Tloc       #.....       99%         3    ####...
 Recall                   Summ/Tloc      N/A          99%         3    ####...
 Regeneration             Chrm/Necr      #.........   99%         3    ####...
 Static Discharge         Conj/Air       #.......     99%         3    ####...
 Stone Arrow              Conj/Erth      #.....       99%         3    ####...
 Summon Guardian Golem    Hex/Summ       #.......     99%         3    ####...
 Tukima's Dance           Hex            #.......     99%         3    ####...
 Vampiric Draining        Necr           #.........   99%         3    ####...
 Airstrike                Air            #.........   100%        4    #####..
 Animate Dead             Necr           N/A          100%        4    #####..
 Cause Fear               Hex            #.........   100%        4    #####..
 Force Lance              Conj/Tloc      #.......     100%        4    #####..
 Fulminant Prism          Conj/Hex       #.........   100%        4    #####..
 Iskenderun's Mystic Bla  Conj           #.......     100%        4    #####..
 Leda's Liquefaction      Hex/Erth       #.........   100%        4    #####..
 Olgreb's Toxic Radiance  Pois           #.......     100%        4    #####..
 Passage of Golubria      Tloc           N/A          100%        4    #####..
 Petrify                  Tmut/Erth      #.......     100%        4    #####..
 Sticky Flame             Conj/Fire      #.......     100%        4    #####..
 Summon Ice Beast         Ice/Summ       #.......     100%        4    #####..
 Summon Lightning Spire   Summ/Air       #.......     100%        4    #####..
 Agony                    Necr           #.......     100%        5    ######.
 Alistair's Intoxication  Tmut/Pois      #.......     100%        5    ######.
 Aura of Abjuration       Summ           #.........   100%        5    ######.
 Bolt of Draining         Conj/Necr      #.........   100%        5    ######.
 Bolt of Magma            Conj/Fire/Erth #.........   100%        5    ######.
 Borgnjor's Vile Clutch   Necr/Erth      #.........   100%        5    ######.
 Dispel Undead            Necr           #.......     100%        5    ######.
 Excruciating Wounds      Chrm/Necr      #.........   100%        5    ######.
 Fireball                 Conj/Fire      #.........   100%        5    ######.
 Irradiate                Conj/Tmut      #.........   100%        5    ######.
 Iskenderun's Battlesphe  Conj/Chrm      #.......     100%        5    ######.
 Lee's Rapid Deconstruct  Erth           #.........   100%        5    ######.
 Lightning Bolt           Conj/Air       #.........   100%        5    ######.
 Metabolic Englaciation   Hex/Ice        #.........   100%        5    ######.
 Summon Demon             Summ           #.........   100%        5    ######.
 Summon Forest            Summ/Tloc      #.........   100%        5    ######.
 Summon Mana Viper        Hex/Summ       #.......     100%        5    ######.
 Venom Bolt               Conj/Pois      #.........   100%        5    ######.
 Yara's Violent Unravell  Hex/Tmut       #.........   100%        5    ######.
 Bolt of Cold             Conj/Ice       #.........   100%        6    #######
 Bolt of Fire             Conj/Fire      #.........   100%        6    #######
 Conjure Ball Lightning   Conj/Air       #.........   100%        6    #######
 Darkness                 Hex            #.........   100%        6    #######
 Death Channel            Necr           #.........   100%        6    #######
 Dispersal                Tloc           #.........   100%        6    #######
 Freezing Cloud           Conj/Ice/Air   #.........   100%        6    #######
 Invisibility             Hex            #.......     100%        6    #######
 Iron Shot                Conj/Erth      #.........   100%        6    #######
 Ozocubu's Refrigeration  Ice            #.........   100%        6    #######
 Poison Arrow             Conj/Pois      #.........   100%        6    #######
 Shadow Creatures         Summ           N/A          100%        6    #######
 Simulacrum               Ice/Necr       #.........   100%        6    #######
 Haunt                    Necr/Summ      #.........   100%        7    #######
 Malign Gateway           Summ/Tloc      #.........   100%        7    #######
 Monstrous Menagerie      Summ           #.........   100%        7    #######
 Orb of Destruction       Conj           #.........   100%        7    #######
 Ring of Flames           Chrm/Fire      #.........   100%        7    #######
 Spellforged Servitor     Conj/Summ      #.........   100%        7    #######
 Summon Greater Demon     Summ           #.........   100%        7    #######
 Chain Lightning          Conj/Air       #.........   100%        8    #######
 Controlled Blink         Tloc           N/A          100%        8    #######
 Disjunction              Tloc           #.........   100%        8    #######
 Ignition                 Fire           #.........   100%        8    #######
 Infestation              Necr           #.........   100%        8    #######
 Lehudib's Crystal Spear  Conj/Erth      #.........   100%        8    #######
 Summon Horrible Things   Summ           #.........   100%        8    #######
 Dragon's Call            Summ           #.........   100%        9    #######
 Fire Storm               Conj/Fire      #.........   100%        9    #######
 Glaciate                 Conj/Ice       #.........   100%        9    #######
 Shatter                  Erth           #.........   100%        9    #######
 Tornado                  Air            #.........   100%        9    #######
 Ice Form                 Ice/Tmut       Unusable     N/A         4    N/A
 Hydra Form               Tmut           Unusable     N/A         6    N/A
 Statue Form              Tmut/Erth      Unusable     N/A         6    N/A
 Dragon Form              Tmut           Unusable     N/A         7    N/A
 Borgnjor's Revivificati  Necr           Unusable     N/A         8    N/A
 Death's Door             Chrm/Necr      Unusable     N/A         8    N/A
 Necromutation            Tmut/Necr      Unusable     N/A         8    N/A

Dungeon Overview and Level Annotations

Branches:
Dungeon (15/15)            Temple (0/1) D:6            Lair (6/6) D:11
  Swamp (4/4) Lair:2       Spider (4/4) Lair:2        Slime (5/5) Lair:5
    Orc (2/2) D:9             Elf (3/3) Orc:2        Vaults (4/5) D:14
  Crypt (3/3) Vaults:3       Tomb (0/3) Crypt:3      Depths (5/5) D:15
   Hell (1/1)                 Dis (7/7) Hell            Geh (7/7) Hell
    Coc (7/7) Hell            Tar (7/7) Hell            Zot (5/5) Depths:5

Altars:
Elyvilon
Fedhas
Hepliaklqana
Kikubaaqudgha
Makhleb
Nemelex Xobeh
Okawaru
Qazlal
Sif Muna
Trog
Uskayaw
Vehumet
Zin
The Shining One
Beogh
Jiyva

Shops:
D:5 (   D:6 %   D:7 *   D:9 ?%:(   D:12 [   Orc:1 =!*=!   Orc:2 :[=:   Elf:1 [
Elf:2 !   Elf:3 %   Vaults:1 ?   Vaults:2 (   Depths:1 }}=

Portals:
Hell: Depths:1 Depths:2 Depths:3 Depths:4 Depths:5
Abyss: Depths:2 Depths:4
Pandemonium: Depths:3
Ziggurat: Depths:3

Annotations:
Vaults:2 3 runed doors, MothsLongingForFire's ghost, veteran OgTm


Innate Abilities, Weirdness & Mutations

Your body is rotting away.
You thrive on raw meat.
You are immune to poison.
You have sharp fingernails.
You are carnivorous and can eat meat at any time.
Your flesh is cold resistant. (rC+)
You are immune to negative energy. (rN+++)
You do not regenerate when monsters are visible.
You are immune to unholy pain and torment.
You can survive without breathing.


Message History

The ynoxinul gestures.
You block the orange demon's attack. The Tzitzimitl gestures at you.
You convulse!
* * * LOW HITPOINT WARNING * * *
You hear a horrible gurgling sound!
Unknown command.
Unknown command.
Evoke which item? (* to show all) (? for menu, Esc to quit)
You draw a card...
It is the Shaft.
Nothing appears to happen.
The hell hog burns!
A hell hog comes into view.
You block the hell hog's attack.
A raiju comes into view.
You block the orange demon's attack.
The wretched star pulses with an eldritch light!
The Tzitzimitl gestures at you.
You convulse!
You die...
Your body disappears without a glow.

# . §..#.
. . ..##
#. #
...... ..
##§ x ) .
#h . § .#
#*4### w4
# . #h@#§
# ##*1# w
5#3X§v §
# )> 5###
.
...))§##.
. #.#. .†
##h## R.§
# . †§.


You could see a Tzitzimitl, 2 wretched stars, 2 hell hogs, an orange demon, a
large abomination, an efreet, a raiju, a ynoxinul and 2 ufetubi.

Vanquished Creatures
  Asmodeus (Geh:7)
  Ereshkigal (Tar:7)
  3 ancient liches
  Mara (Vaults:3)
  3 orbs of fire
  Sojobo (Depths:4)
  20 shard shrikes
  7 Killer Klowns (Zot:5)
  Saint Roka (Elf:3)
  Geryon (Hell)
  11 golden dragons
  21 bone dragons
  2 electric golems (Zot:5)
  46 Tzitzimimeh
  2 hellephants
  19 iron giants
  14 doom hounds
  11 liches
  14 Ice Fiends
  11 tentacled monstrosities
  14 Hell Sentinels
  25 Orb Guardians (Zot:5)
  19 Brimstone Fiends
  A titan (Depths:3)
  2 deep elf blademasters
  Murray (Hell)
  4 quicksilver dragons
  7 eldritch tentacles
  2 deep elf master archers (Elf:3)
  The ghost of Vajrapani the Champion of Chaos, an adept DDFi of Makhleb (Vaults:4)
  25 acid blobs
  Agnes (D:15)
  10 death cobs
  An Executioner (Abyss:3)
  23 tentacled starspawn
  Kirke (D:14)
  4 sphinxes
  A thorn hunter (Swamp:1)
  4 tengu reavers
  24 ancient champions
  12 storm dragons
  4 draconian monks
  12 shadow dragons
  8 azure jellies
  3 revenants
  12 fire giants
  6 draconian knights
  5 deep elf sorcerers (Elf:3)
  6 draconian scorchers
  2 curse skulls
  14 balrugs
  6 vault wardens
  5 ghost moths
  9 iron dragons
  8 frost giants
  5 deep elf elementalists
  4 emperor scorpions
  An angel (Abyss:3)
  6 cacodemons
  A juggernaut zombie (Depths:2)
  4 draconian shifters
  2 draconian annihilators
  7 draconian stormcallers
  A spriggan defender (Depths:2)
  8 ghouls
  16 very ugly things
  23 war gargoyles
  6 ironheart preservers
  The ghost of Abicom the Grappler, a journeyman TrWz of Cheibriados (Lair:3)
  12 stone giants
  4 entropy weavers
  3 elemental wellsprings (Coc:7)
  69 reapers
  14 vampire knights
  16 dire elephants
  Nessos (D:14)
  16 white draconians
  5 deep elf demonologists
  Azrael (Spider:1)
  6 yellow draconians
  8 lorocyprocas
  3 deep elf annihilators (Elf:3)
  2 minotaurs
  2 halazid warlocks (Desolation)
  8 eidola
  8 green draconians
  14 black draconians
  2 spark wasps
  12 red draconians
  4 green deaths
  6 ettins
  A mummy priest (Crypt:3)
  15 purple draconians
  2 crystal guardians
  19 blizzard demons
  3 quicksilver dragon zombies
  8 death oozes
  9 jiangshi
  6 deep elf death magi
  15 fire dragons
  A merfolk javelineer (Depths:3)
  6 deep elf high priests (Elf:3)
  2 ragged hierophants (Desolation)
  2 hell beasts
  A vault guard (Vaults:2)
  10 yaktaur captains
  2 hydras (shapeshifter) (Depths:3)
  11 great orbs of eyes
  14 hydras
  8 rakshasas
  5 peacekeepers (Desolation)
  A kraken zombie (Coc:5)
  3 ghost crabs
  2 servants of whispers (Desolation)
  A naga warrior (Abyss:3)
  33 ice dragons
  2 death knights
  9 quicksilver dragon skeletons
  6 centaur warriors
  13 ogre magi
  37 two-headed ogres
  3 anacondas
  10 alligators
  3 spriggan air magi
  23 dancing weapons
  5 deep troll shamans
  A spectral fire giant (Vaults:4)
  8 tengu warriors
  31 hell hogs
  7 vampire magi
  Urug (D:10)
  2 deep troll earth magi
  17 soul eaters
  An orc high priest (Elf:1)
  A spriggan berserker (Depths:3)
  8 titan zombies
  15 thrashing horrors
  12 storm dragon zombies
  23 wretched stars
  25 sun demons
  41 hell knights
  13 shadow wraiths
  7 iron golems
  23 deep elf knights
  8 spatial maelstroms
  7 deep trolls
  5 golden dragon zombies
  16 iron trolls
  4 sixfirhies
  11 storm dragon skeletons
  4 death drakes
  A spectral yaktaur (Vaults:4)
  7 titan skeletons
  3 ghost moth zombies
  18 flayed ghosts
  22 shadow demons
  4 swamp dragons
  8 unseen horrors
  2 shambling mangroves
  132 skeletal warriors
  2 spriggan druids
  19 anaconda zombies
  13 wizards
  A glowing orange brain (shapeshifter) (Abyss:3)
  72 starcursed masses
  9 glowing orange brains
  3 tengu zombies
  4 anaconda skeletons
  5 shadow dragon zombies
  16 necromancers
  35 phantasmal warriors
  12 ironbrand convokers
  7 golden dragon skeletons
  Pikel (D:4)
  An orb spider (shapeshifter) (Vaults:3)
  A harpy (shapeshifter) (Abyss:3)
  41 ugly things
  7 deep elf archers
  9 iron dragon zombies
  9 harpies
  16 orb spiders
  5 wolf spider zombies
  8 orc knights
  4 shining eyes
  A sphinx zombie (Hell)
  3 shadow dragon skeletons
  2 mana vipers
  A mana viper (shapeshifter) (Abyss:3)
  51 deep elf magi
  4 orc sorcerers
  32 wolf spiders
  A wolf spider (shapeshifter) (Vaults:1)
  7 fire giant zombies
  12 frost giant zombies
  A sphinx skeleton (Crypt:1)
  11 stone giant zombies
  A salamander (Abyss:3)
  4 iron dragon skeletons
  9 worldbinders
  A salamander (shapeshifter) (D:15)
  8 cyclopes
  4 shock serpent zombies
  3 guardian serpents
  5 toenail golems (Volcano)
  9 dire elephant zombies
  26 moths of wrath
  4 elephants
  4 frost giant skeletons
  9 stone giant skeletons
  Joseph (D:8)
  A black mamba (shapeshifter) (Elf:3)
  11 vault sentinels
  3 ice statues
  A naga mage (D:15)
  53 rust devils
  3 orange demons (Abyss:3)
  9 molten gargoyles (Geh:7)
  21 fire giant skeletons
  6 apocalypse crabs (Abyss:3)
  6 eyes of devastation
  25 smoke demons
  6 black mambas
  8 spiny frogs
  9 gargoyles
  A spectral elf (Vaults:4)
  A torpor snail (Spider:2)
  A centaur skeleton (D:12)
  8 dire elephant skeletons
  A rime drake (shapeshifter) (Elf:1)
  An eye of devastation (shapeshifter) (Depths:5)
  7 catoblepas zombies
  A rime drake (Lair:6)
  2 spiny frogs (shapeshifter)
  2 storm dragon simulacra
  38 hellions
  2 emperor scorpion zombies
  2 yaktaur zombies
  11 demonic crawlers
  An alligator snapping turtle skeleton (Crypt:1)
  52 tormentors
  3 anaconda simulacra (IceCv)
  5 efreet
  2 spectral glowing shapeshifters (Vaults:4)
  37 yaktaurs
  6 hellwings (Abyss:3)
  25 ancient zymes
  53 freezing wraiths
  58 ice devils
  2 tengu conjurers
  A troll (shapeshifter) (Vaults:4)
  A pale draconian zombie (Crypt:1)
  4 human skeletons
  4 komodo dragons
  2 catoblepas skeletons
  2 golden dragon simulacra
  40 jumping spiders
  4 silent spectres
  9 trolls
  16 hydra zombies
  20 red devils
  2 shadow dragon simulacra
  3 meliai (Spider:3)
  A queen bee (Spider:3)
  2 harpy skeletons
  12 hornets
  A polar bear (Orc:2)
  A sphinx simulacrum (Vaults:4)
  3 harpy zombies
  A polar bear (shapeshifter) (Depths:1)
  A wind drake (Spider:4)
  2 fire giant simulacra
  9 hippogriffs
  31 raiju
  7 fire dragon zombies
  A wolf spider simulacrum (IceCv)
  4 tyrant leeches
  11 hydra skeletons
  35 blink frogs
  A wind drake (shapeshifter) (Abyss:3)
  2 dream sheep
  34 saltlings (Desolation)
  95 slime creatures
  A dream sheep (shapeshifter) (Abyss:3)
  13 ettin zombies
  A hippogriff (shapeshifter) (Vaults:3)
  3 spriggan zombies
  13 bog bodies
  10 alligator zombies
  2 deep troll zombies (Hell)
  4 ice dragon zombies
  182 flying skulls
  2 frost giant simulacra
  2 stone giant simulacra (Depths:2)
  4 ice dragon skeletons
  10 air elementals
  3 black mamba zombies
  42 shadows
  5 vampires (Crypt:3)
  5 ettin skeletons
  86 redbacks
  15 fire dragon skeletons
  38 yaks
  26 tarantellas
  18 water elementals
  2 spriggans
  13 ynoxinuls
  2 alligator skeletons
  4 wyverns
  4 dire elephant simulacra (IceCv)
  26 fire elementals
  A yak (shapeshifter) (Abyss:3)
  43 wraiths
  A human (D:7)
  2 black mamba skeletons (Geh:2)
  A shapeshifter (Elf:1)
  4 fire bats (Geh:2)
  3 hogs
  6 golden eyes (Slime:2)
  2 steam dragons
  Grum (D:8)
  A golden eye (shapeshifter) (Elf:1)
  12 basilisks
  A death yak simulacrum (IceCv)
  A yaktaur simulacrum (Vaults:4)
  10 chaos spawn
  13 vampire mosquitoes
  2 harpy simulacra (IceCv)
  12 neqoxecs
  3 swamp worm simulacra (Swamp:4)
  14 hungry ghosts
  43 large abominations
  An emperor scorpion simulacrum (Coc:7)
  9 spatial vortices
  A torturous demonspawn zombie (Geh:1)
  A wind drake skeleton (Crypt:1)
  2 iron troll simulacra (IceCv)
  A soldier ant (D:12)
  17 insubstantial wisps
  A merfolk zombie (Crypt:1)
  4 wargs
  14 swamp worms
  A water nymph zombie (Crypt:1)
  2 acid dragons
  A naga (Abyss:3)
  20 hydra simulacra
  14 spiny frog zombies
  10 water moccasins
  79 hell hounds
  2 floating eyes
  26 orc warriors
  7 porcupines
  3 black bears
  2 merfolk skeletons
  7 swamp drakes
  3 ettin simulacra
  11 ice beasts
  6 sky beasts
  9 eyes of draining
  A hornet zombie (D:14)
  A slave (D:4)
  3 swamp dragon zombies
  A black bear (shapeshifter) (Abyss:3)
  An alligator simulacrum (Hell)
  2 phantoms
  5 spiny frog skeletons
  2 manticore zombies
  31 necrophages
  41 ogres
  12 boggarts
  6 snapping turtle zombies
  9 wolves
  2 elf simulacra (Vaults:4)
  2 swamp dragon skeletons (Geh:7)
  6 crocodiles
  2 manticore skeletons (Tar:4)
  15 centaurs
  7 snapping turtle skeletons
  3 big kobolds
  11 bullfrogs
  An octopode zombie (Crypt:2)
  6 earth elementals
  A glowing shapeshifter simulacrum (Vaults:4)
  39 small abominations
  7 scorpions
  2 troll zombies
  24 killer bees
  3 electric eels
  2 spriggan skeletons
  75 wights
  A howler monkey (D:12)
  A troll skeleton (Geh:6)
  8 crimson imps
  25 orc priests
  2 bullfrog zombies
  3 centaur zombies
  3 human zombies
  7 quasits
  7 hounds
  12 jellies
  57 iron imps
  2 bullfrog skeletons
  A black bear skeleton (Crypt:2)
  5 iguanas
  23 orc wizards
  7 hell rats
  6 worker ants
  A troll simulacrum (IceCv)
  A statue (D:4)
  2 spriggan simulacra
  4 wolf simulacra (IceCv)
  A naga zombie (Dis:7)
  An ogre zombie (Geh:2)
  2 centaur simulacra (IceCv)
  A big kobold skeleton (Crypt:2)
  A tengu skeleton (Coc:2)
  A hound skeleton (D:8)
  7 mummies
  A howler monkey zombie (Crypt:1)
  A worker ant zombie (D:8)
  9 adders
  A gnoll (D:8)
  A howler monkey skeleton (D:10)
  3 naga simulacra (IceCv)
  4 ogre simulacra (IceCv)
  11 river rats
  22 shadow imps
  A swamp drake skeleton (Crypt:2)
  24 white imps
  5 swamp drake simulacra (Swamp:4)
  10 ufetubi
  5 oozes
  An adder skeleton (D:5)
  A lava snake skeleton (Crypt:1)
  3 worms
  6 dart slugs
  5 leopard geckos
  78 orcs
  4 bats (D:1)
  9 giant cockroaches
  14 goblins
  12 hobgoblins
  A jackal (shapeshifter) (Depths:3)
  9 jackals
  5 quokkas
  A ball python (Orc:2)
  A dart slug zombie (Crypt:2)
  5 frilled lizards
  11 kobolds
  2 orc skeletons
  3 orc zombies
  7 rats
  4 briar patches (Swamp:1)
  A fire vortex (Geh:2)
  2 fungi
  2 plants (Lair:6)
  14 starspawn tentacles
  A tentacle (Coc:5)
4693 creatures vanquished.

Vanquished Creatures (collateral kills)
  Antaeus (Coc:7)
  the Royal Jelly (Slime:5)
  Dispater (Dis:7)
  A golden dragon (Zot:5)
  Nikola (Vaults:3)
  3 electric golems
  2 liches
  An Ice Fiend (Coc:7)
  3 acid blobs
  3 tentacled starspawn (Abyss:3)
  A death cob (Zot:3)
  A storm dragon (Zot:5)
  2 azure jellies (Slime:5)
  A frost giant (Depths:4)
  2 draconian shifters (Zot:3)
  2 emperor scorpions (Spider:4)
  An orc warlord (Orc:1)
  A curse skull (Crypt:2)
  A draconian annihilator (Zot:1)
  A deep elf elementalist (Elf:3)
  2 reapers
  An elemental wellspring (Coc:7)
  An entropy weaver (Spider:2)
  A green draconian (Zot:3)
  A white draconian (Abyss:3)
  6 dire elephants
  A purple draconian (Zot:5)
  A deep elf annihilator (Elf:3)
  An ettin (Depths:1)
  2 fire dragons
  Erolcha (D:11)
  A deep elf high priest (Elf:3)
  A great orb of eyes (Slime:5)
  A hydra (D:13)
  2 rakshasas
  An ice dragon (Vaults:3)
  4 ogre magi
  4 two-headed ogres
  7 dancing weapons (Elf:2)
  A fire crab (shapeshifter) (Orc:2)
  A thrashing horror (Abyss:3)
  A deep elf knight (Elf:2)
  A sun demon (Abyss:3)
  A hell knight (Abyss:3)
  7 large abominations (Abyss:3)
  A golden dragon zombie (Geh:7)
  A skeletal warrior (Coc:7)
  A deep troll (Orc:2)
  An unseen horror (D:11)
  A quicksilver dragon simulacrum (Coc:7)
  A phantasmal warrior (Tar:7)
  An anaconda skeleton (Hell)
  A necromancer (Hell)
  7 orc knights
  A frost giant zombie (Depths:2)
  8 deep elf magi
  4 orb spiders
  2 ugly things
  An orc sorcerer (Vaults:2)
  A manticore (D:7)
  3 smoke demons (Abyss:3)
  A rust devil (Hell)
  Psyche (D:8)
  A freezing wraith (Coc:7)
  A yaktaur (Vaults:3)
  A hellwing (Abyss:3)
  A yaktaur skeleton (Vaults:3)
  2 ancient zymes (Abyss:3)
  An ice devil (Dis:7)
  A silent spectre (Tar:7)
  3 trolls
  A red devil (Hell)
  2 jumping spiders (Spider:4)
  2 hornets
  2 saltlings (Desolation)
  A fire dragon zombie (Dis:7)
  3 blink frogs
  7 slime creatures
  A hippogriff (D:9)
  3 raiju (Abyss:3)
  3 redbacks
  2 ynoxinuls (Abyss:3)
  An air elemental (Abyss:3)
  A fire dragon skeleton (Abyss:3)
  4 yaks (D:14)
  3 tarantellas
  4 hogs
  A shadow (D:11)
  2 small abominations (Abyss:3)
  A hungry ghost (Abyss:3)
  A chaos spawn (Abyss:3)
  A fire elemental (Hell)
  A neqoxec (Abyss:3)
  A warg (Orc:2)
  7 orc warriors
  An ogre (Vaults:2)
  A boggart (Depths:1)
  A snapping turtle skeleton (Coc:7)
  A big kobold (D:14)
  12 starcursed masses (Abyss:3)
  A quasit (Abyss:3)
  2 orc priests (Orc:1)
  A bullfrog skeleton (D:12)
  2 orc wizards
  3 gnolls (D:8)
  3 ufetubi (Abyss:3)
  A leopard gecko (D:11)
  9 orcs
  A ball python (Orc:2)
  A giant cockroach (Orc:2)
  3 kobolds (D:14)
  3 starspawn tentacles (Abyss:3)
230 creatures vanquished.

Vanquished Creatures (others)
  A death cob (Zot:1)
  A tengu reaver (Depths:4)
  A cacodemon (Abyss:3)
  A draconian shifter (Abyss:3)
  An elemental wellspring (Coc:7)
  A reaper (Tar:2)
  An orc warlord (Elf:1)
  An ophan (Abyss:3)
  A vampire knight (Depths:4)
  2 deep elf demonologists (Elf:3)
  A spark wasp (Spider:4)
  A red draconian (Zot:1)
  A fire dragon (Depths:3)
  A yaktaur captain (Vaults:3)
  A rakshasa (Abyss:3)
  A centaur warrior (Vaults:2)
  A two-headed ogre (Elf:1)
  2 thrashing horrors (Abyss:3)
  An orc high priest (Elf:1)
  2 soul eaters (Abyss:3)
  2 hell knights
  A sun demon (Abyss:3)
  5 large abominations (Abyss:3)
  A wizard (D:15)
  A mana viper (Abyss:3)
  4 orc knights (Elf:1)
  2 necromancers (Abyss:3)
  2 phantasmal warriors
  An anaconda skeleton (Coc:7)
  A deep elf mage (D:15)
  2 ugly things (Vaults:2)
  A wolf spider (Spider:2)
  A vault sentinel (Vaults:2)
  A naga mage (D:15)
  3 smoke demons (Abyss:3)
  2 orange demons (Abyss:3)
  A yaktaur (Depths:4)
  An efreet (Abyss:3)
  A tengu conjurer (Depths:4)
  A rime drake (Abyss:3)
  4 ancient zymes (Abyss:3)
  A demonic crawler (Abyss:3)
  5 starcursed masses (Abyss:3)
  A hellwing (Abyss:3)
  2 hornets (Spider:4)
  A polar bear (shapeshifter) (Abyss:3)
  A jumping spider (Spider:3)
  A hornet (shapeshifter) (Depths:4)
  9 raiju (Abyss:3)
  2 flying skulls
  A redback (Spider:3)
  An air elemental (Abyss:3)
  A tarantella (Spider:2)
  2 shadows (Geh:7)
  3 wraiths
  A ynoxinul (Abyss:3)
  A human (D:14)
  2 vampire mosquitoes
  4 chaos spawn (Abyss:3)
  6 small abominations (Abyss:3)
  A neqoxec (Abyss:3)
  A naga (Abyss:3)
  4 spatial vortices (Abyss:3)
  6 orc warriors
  An ogre (Vaults:2)
  A wolf (D:8)
  5 boggarts
  2 centaurs (Vaults:2)
  A glowing shapeshifter simulacrum (Vaults:2)
  A scorpion (Abyss:3)
  An electric eel (Lair:1)
  A jelly (Slime:4)
  5 orc priests (Elf:1)
  A white imp (Abyss:3)
  2 ufetubi (Abyss:3)
  15 ball lightnings
  An orc (D:4)
  3 fire vortices
  75 fungi
  9 lurking horrors (Abyss:3)
  32 plants
  51 starspawn tentacles
  4 tentacles (Coc:5)
  A withered plant (Crypt:3)
330 creatures vanquished.

Grand Total: 5253 creatures vanquished

Notes
Turn   | Place    | Note
-------+----------+-------------------------------------------
     0 | D:1      | Inarius the Ghoul Monk began the quest for the Orb.
     0 | D:1      | Reached XP level 1. HP: 19/19 MP: 0/0
    70 | D:1      | Reached XP level 2. HP: 24/26 MP: 1/1
   562 | D:1      | Reached XP level 3. HP: 31/31 MP: 2/2
  1485 | D:2      | Reached XP level 4. HP: 36/39 MP: 3/3
  2487 | D:3      | Reached skill level 5 in Unarmed Combat
  2542 | D:3      | Reached XP level 5. HP: 46/46 MP: 4/4
  2614 | D:3      | Found an iron altar of Okawaru.
  3370 | D:4      | Reached skill level 1 in Armour
  3487 | D:4      | Noticed a slave
  3487 | D:4      | Noticed a slave
  3488 | D:4      | Noticed Pikel
  3488 | D:4      | Noticed a slave
  3489 | D:4      | Noticed a slave
  3501 | D:4      | Killed a slave
  3516 | D:4      | Killed Pikel
  3516 | D:4      | Reached XP level 6. HP: 35/52 MP: 5/5
  3516 | D:4      | Reached XP level 7. HP: 40/58 MP: 6/6
  3684 | D:4      | Found a sparkling altar of Nemelex Xobeh.
  3749 | D:4      | Became a worshipper of Nemelex Xobeh the Trickster
  3749 | D:4      | Received a gift from Nemelex Xobeh
  3749 | D:4      | Received a gift from Nemelex Xobeh
  3749 | D:4      | Reached * piety under Nemelex Xobeh
  3749 | D:4      | Received a gift from Nemelex Xobeh
  3749 | D:4      | Reached ** piety under Nemelex Xobeh
  3791 | D:4      | Found a radiant altar of Vehumet.
  3922 | D:4      | Found a glowing silver altar of Zin.
  3930 | D:4      | Received a gift from Nemelex Xobeh
  4039 | D:4      | Found a glowing golden altar of the Shining One.
  4264 | D:5      | Entered Level 5 of the Dungeon
  4498 | D:5      | Found Ewkog's Antique Weapon Boutique.
  4537 | D:5      | Received a gift from Nemelex Xobeh
  4570 | D:5      | Reached skill level 1 in Invocations
  4570 | D:5      | Reached XP level 8. HP: 62/66 MP: 7/7
  4952 | D:6      | Found Xocoir's Food Emporium.
  4994 | D:6      | Found a white marble altar of Elyvilon.
  5125 | D:6      | Reached *** piety under Nemelex Xobeh
  5125 | D:6      | Received a gift from Nemelex Xobeh
  5362 | D:6      | Found a staircase to the Ecumenical Temple.
  5396 | D:6      | Received a gift from Nemelex Xobeh
  5412 | D:6      | Got a heavily runed ring mail
  5423 | D:6      | Identified the +2 ring mail of Divine Compulsion {rC+ MR+ Slay+2} (You found it on level 6 of the Dungeon)
  5605 | D:7      | Reached skill level 10 in Unarmed Combat
  5605 | D:7      | Reached XP level 9. HP: 35/71 MP: 9/9
  6041 | D:7      | Noticed a deep elf mage
  6046 | D:7      | Noticed a manticore
  6046 | D:7      | a deep elf mage changed into a manticore
  6048 | D:7      | Killed a manticore
  6048 | D:7      | Reached skill level 1 in Shields
  6058 | D:7      | Noticed a hornet
  6062 | D:7      | Killed a hornet
  6095 | D:7      | Found Ziexuf's General Store.
  6445 | D:7      | Found a blossoming altar of Fedhas.
  6607 | D:7      | Found a deep blue altar of Sif Muna.
  6608 | D:7      | Found an ancient bone altar of Kikubaaqudgha.
  6973 | D:8      | Noticed Joseph
  6975 | D:8      | Killed Joseph
  6987 | D:8      | Reached **** piety under Nemelex Xobeh
  7011 | D:8      | Found a stormy altar of Qazlal.
  7153 | D:8      | Reached XP level 10. HP: 79/79 MP: 12/12
  7155 | D:8      | Noticed Psyche
  7159 | D:8      | Killed Psyche
  7210 | D:8      | Found a bloodstained altar of Trog.
  7308 | D:8      | Received a gift from Nemelex Xobeh
  7366 | D:8      | Noticed Grum
  7403 | D:8      | Killed Grum
  7540 | D:8      | Reached skill level 5 in Armour
  7598 | D:9      | Noticed a two-headed ogre
  7623 | D:8      | Killed a two-headed ogre
  7679 | D:9      | Reached skill level 5 in Invocations
  7745 | D:9      | Found Seluis's Weapon Boutique.
  7796 | D:9      | Found Eduicug's Book Emporium.
  7891 | D:9      | Found a hazy altar of Hepliaklqana.
  7973 | D:9      | Found a staircase to the Orcish Mines.
  8118 | D:9      | Received a gift from Nemelex Xobeh
  8141 | D:9      | Reached XP level 11. HP: 74/85 MP: 14/14
  8191 | D:9      | Found Cisu's Food Boutique.
  8228 | D:9      | Found Akobe's Magic Scroll Boutique.
  8409 | D:7      | Bought a potion of experience for 750 gold pieces
  8409 | D:7      | Reached XP level 12. HP: 97/97 MP: 14/18
  8508 | D:9      | Found a burning altar of Makhleb.
  8530 | D:9      | Found a hide-covered altar of Uskayaw.
  8532 | D:9      | Noticed a dagger
  8601 | D:10     | Entered Level 10 of the Dungeon
  8621 | D:10     | Noticed Urug
  8629 | D:10     | Killed Urug
  8629 | D:10     | Reached skill level 5 in Dodging
  8634 | D:10     | Noticed a two-headed ogre
  8641 | D:10     | Killed a two-headed ogre
  8688 | D:10     | Reached ***** piety under Nemelex Xobeh
  8704 | D:10     | Received a gift from Nemelex Xobeh
  9192 | D:11     | Received a gift from Nemelex Xobeh
  9534 | D:11     | Found a staircase to the Lair.
  9577 | D:11     | Noticed an eight-headed hydra
  9584 | D:11     | Killed an eight-headed hydra
  9742 | D:11     | Noticed a seven-headed hydra
  9749 | D:11     | Noticed a spark wasp
  9749 | D:11     | a seven-headed hydra changed into a spark wasp
  9752 | D:11     | Killed a spark wasp
  9767 | D:10     | Reached skill level 10 in Invocations
  9896 | D:11     | Reached skill level 15 in Unarmed Combat
 10112 | D:11     | Noticed Erolcha
 10120 | D:11     | Killed Erolcha
 10324 | D:11     | Received a gift from Nemelex Xobeh
 10453 | D:12     | Found Paodoski's Armour Shoppe.
 10524 | D:12     | Noticed a seven-headed hydra
 10528 | D:12     | Killed a seven-headed hydra
 10528 | D:12     | Reached XP level 13. HP: 84/105 MP: 19/19
 11317 | Lair:1   | Entered Level 1 of the Lair of Beasts
 11317 | Lair:1   | Received a gift from Nemelex Xobeh
 11532 | Lair:1   | Reached ****** piety under Nemelex Xobeh
 12500 | Lair:2   | Received a gift from Nemelex Xobeh
 12547 | Lair:2   | Found a hole to the Spider Nest.
 12636 | Lair:2   | Found a staircase to the Swamp.
 12743 | Lair:2   | Received a gift from Nemelex Xobeh
 13106 | Lair:3   | Received a gift from Nemelex Xobeh
 13158 | Lair:3   | Found a dark tunnel.
 13166 | Volcano  | Entered a volcano
 13841 | Lair:3   | Found a runed door.
 13844 | Lair:3   | Noticed Abicom's ghost (journeyman TrWz)
 14058 | D:9      | Bought a scroll of acquirement for 520 gold pieces
 14307 | Lair:3   | Received a gift from Nemelex Xobeh
 14442 | Lair:3   | Reached XP level 14. HP: 85/114 MP: 21/21
 14796 | Lair:4   | Found a labyrinth entrance.
 14809 | Lab      | Entered a labyrinth
 14848 | Lab      | Received a gift from Nemelex Xobeh
 15293 | Lab      | Got a crude granite ring
 15475 | Lab      | Identified the ring of Immorality {-Tele rElec rPois MR+ Int-3} (You found it in a labyrinth)
 15484 | Lab      | Got a slimy emerald amulet
 15485 | Lab      | Identified the amulet of Ranuynet {Spirit rF- rC+ Int+4 Dex+3} (You found it in a labyrinth)
 15971 | Lair:4   | Received a gift from Nemelex Xobeh
 16272 | Lair:5   | Received a gift from Nemelex Xobeh
 16524 | Lair:5   | Received a gift from Nemelex Xobeh
 16856 | Lair:5   | Found a staircase to the Slime Pits.
 17159 | Lair:6   | Entered Level 6 of the Lair of Beasts
 17318 | Lair:6   | Received a gift from Nemelex Xobeh
 17797 | Lair:6   | Received a gift from Nemelex Xobeh
 18056 | Lair:6   | Noticed a dire elephant
 18056 | Lair:6   | Noticed a dire elephant
 18056 | Lair:6   | Noticed a dire elephant
 18063 | Lair:6   | Killed a dire elephant
 18067 | Lair:6   | Killed a dire elephant
 18070 | Lair:6   | Killed a dire elephant
 18133 | Lair:6   | Got a twitching bronze ring
 18136 | Lair:6   | Identified the ring "Ugumost" {+Blink +Inv Str+3} (You found it on level 6 of the Lair of Beasts)
 18608 | D:13     | Found a white marble altar of Elyvilon.
 18646 | D:13     | Received a gift from Nemelex Xobeh
 19380 | Orc:1    | Entered Level 1 of the Orcish Mines
 19434 | Orc:1    | Found Doico's Jewellery Boutique.
 19548 | Orc:1    | Found a roughly hewn altar of Beogh.
 19571 | Orc:1    | Received a gift from Nemelex Xobeh
 19787 | Orc:2    | Entered Level 2 of the Orcish Mines
 19787 | Orc:2    | Found a staircase to the Elven Halls.
 19788 | Orc:2    | Found a roughly hewn altar of Beogh.
 19950 | Orc:1    | Found Kiumih's General Store.
 19956 | Orc:1    | Noticed an orc warlord
 19960 | Orc:1    | Found Zylaxzu's Jewellery Emporium.
 19980 | Orc:1    | Received a gift from Nemelex Xobeh
 19998 | Orc:1    | Found Jekeoss's Distillery.
 20246 | Orc:1    | Killed an orc warlord
 20340 | Orc:1    | Found Xap Moim's Distillery.
 20511 | Orc:2    | Reached XP level 15. HP: 87/121 MP: 15/23
 20720 | Orc:2    | Noticed a storm dragon
 20720 | Orc:2    | a four-headed hydra changed into a storm dragon
 21202 | Orc:2    | Found Hoceuf's Antique Armour Emporium.
 21216 | Orc:2    | Found Dehiemou's Book Emporium.
 21219 | Orc:2    | Found Heaphy Rair's Jewellery Boutique.
 21231 | Orc:2    | Bought a pair of shimmering boots for 256 gold pieces
 21241 | Orc:2    | Identified the cursed -2 pair of boots of Poor Excuses {Str-3 Dex+6 Slay+3 SInv} (You bought it in a shop on level 2 of the Orcish Mines)
 21261 | Orc:2    | Found Henir's Book Shoppe.
 21475 | Orc:2    | Bought a shield for 121 gold pieces
 21665 | D:14     | Noticed Nessos
 21676 | D:14     | Killed Nessos
 21758 | D:14     | Received a gift from Nemelex Xobeh
 21961 | D:14     | Found a portal to a secret trove of treasure.
 22165 | D:14     | Received a gift from Nemelex Xobeh
 22314 | D:14     | Noticed Kirke
 22330 | D:14     | Killed Kirke
 22402 | D:14     | Found a gate to the Vaults.
 22498 | Trove    | Entered a treasure trove
 22506 | Trove    | Got a smoking pewter ring
 22510 | Trove    | Got a pitted wooden ring
 22516 | Trove    | Got a shimmering platinum amulet
 22531 | Trove    | Got a coiled iron ring
 22540 | Trove    | Identified the ring "Diboupeq" {Fire *Drain +Blink Str+4 Slay+2} (You found it in a treasure trove)
 22546 | Trove    | Identified the ring of the Forsaken Spirits {-Tele Int+4 Dex+3 Stlth+} (You found it in a treasure trove)
 22550 | Trove    | Got a bound crystal amulet
 22554 | Trove    | Identified the amulet "Puonimoj" {RegenMP Int+4} (You found it in a treasure trove)
 22568 | D:14     | Identified the amulet "Zeehone" {Acrobat Dex+3} (You found it in a treasure trove)
 22569 | D:14     | Identified the ring "Dezxiuji" {+Inv rF+ rC+ Dex+5 Stlth+} (You found it in a treasure trove)
 22623 | D:15     | Entered Level 15 of the Dungeon
 22888 | D:15     | Paralysed by an ogre mage for 5 turns
 22962 | D:15     | Received a gift from Nemelex Xobeh
 22973 | D:15     | Found the +12 glaive of Prune {chop}
 23151 | D:15     | Noticed Agnes
 23394 | D:15     | Found a staircase to the Depths.
 23464 | D:15     | Killed Agnes
 23853 | Swamp:1  | Entered Level 1 of the Swamp
 23869 | Swamp:1  | Reached XP level 16. HP: 108/128 MP: 19/24
 24072 | Swamp:1  | Noticed a thorn hunter
 24073 | Swamp:1  | Received a gift from Nemelex Xobeh
 24081 | Swamp:1  | Killed a thorn hunter
 24136 | Swamp:1  | Noticed Frances
 24144 | Swamp:1  | Noticed Frances
 24144 | Swamp:1  | Frances changed into Frances the minotaur
 24146 | Swamp:1  | Killed Frances the minotaur
 24741 | Swamp:1  | Reached skill level 5 in Shields
 26088 | Swamp:3  | Received a gift from Nemelex Xobeh
 26685 | Swamp:3  | Received a gift from Nemelex Xobeh
 26813 | Swamp:3  | Got a warped chain mail
 26824 | Swamp:3  | Identified the +3 chain mail "Koruggelo" {rElec MR+} (You found it on level 3 of the Swamp)
 26875 | Swamp:4  | Entered Level 4 of the Swamp
 26961 | Spider:1 | Entered Level 1 of the Spider Nest
 27432 | Spider:1 | Noticed Azrael
 27452 | Spider:1 | Killed Azrael
 27776 | Spider:1 | Reached XP level 17. HP: 102/136 MP: 22/26
 28481 | Spider:2 | You fall through a shaft!
 28533 | Spider:2 | Received a gift from Nemelex Xobeh
 28709 | Spider:3 | Reached skill level 10 in Armour
 28841 | Spider:3 | Found a frozen archway.
 28874 | IceCv    | Entered an ice cave
 29846 | Spider:3 | Received a gift from Nemelex Xobeh
 30970 | Spider:2 | Received a gift from Nemelex Xobeh
 31336 | Elf:1    | Entered Level 1 of the Elven Halls
 31554 | Elf:1    | Reached skill level 15 in Invocations
 31621 | Elf:1    | Reached XP level 18. HP: 108/145 MP: 23/28
 31679 | Elf:1    | Reached skill level 5 in Stealth
 31850 | Elf:1    | Received a gift from Nemelex Xobeh
 31863 | Elf:1    | Found Hetafice's Antique Armour Shop.
 32296 | Elf:1    | Received a gift from Nemelex Xobeh
 32929 | Elf:2    | Received a gift from Nemelex Xobeh
 32936 | Elf:2    | Found Iniseh's Distillery.
 32945 | Elf:2    | Bought a potion of heal wounds for 100 gold pieces
 33084 | Elf:2    | Found a runed gate.
 33084 | Elf:2    | Found a runed gate.
 33084 | Elf:2    | Found a runed gate.
 33306 | Elf:2    | Noticed a deep elf blademaster
 33322 | Elf:2    | Killed a deep elf blademaster
 33368 | Elf:2    | Received a gift from Nemelex Xobeh
 34556 | Swamp:4  | Received a gift from Nemelex Xobeh
 35493 | Swamp:4  | Got a decaying rune of Zot
 35571 | Swamp:4  | Reached XP level 19. HP: 137/151 MP: 27/29
 35733 | Spider:4 | Entered Level 4 of the Spider Nest
 36244 | Spider:4 | Received a gift from Nemelex Xobeh
 36952 | Spider:4 | Got a gossamer rune of Zot
 37209 | Vaults:1 | Entered Level 1 of the Vaults
 37689 | Vaults:1 | Received a gift from Nemelex Xobeh
 37989 | Vaults:1 | Received a gift from Nemelex Xobeh
 38086 | Vaults:1 | Found Wooh's Magic Scroll Emporium.
 38093 | Vaults:1 | Bought a scroll of identify for 26 gold pieces
 38093 | Vaults:1 | Bought a scroll of blinking for 97 gold pieces
 38093 | Vaults:1 | Bought a scroll of enchant armour for 97 gold pieces
 38520 | Vaults:1 | You fall through a shaft!
 38794 | Vaults:2 | Found Haische Ekuo's Antique Weapon Shoppe.
 38830 | Vaults:2 | Reached XP level 20. HP: 151/159 MP: 28/31
 39042 | Vaults:2 | Found a runed gate.
 39044 | Vaults:2 | Found a runed gate.
 39044 | Vaults:2 | Found a runed gate.
 39046 | Vaults:2 | Noticed MothsLongingForFire's ghost (veteran OgTm)
 39179 | Vaults:2 | Reached skill level 10 in Shields
 39643 | Vaults:2 | Received a gift from Nemelex Xobeh
 40213 | Vaults:2 | Found a roughly hewn altar of Beogh.
 40469 | Lair:3   | Killed Abicom's ghost
 40766 | Vaults:3 | Noticed Mara
 40795 | Vaults:3 | Killed Mara
 41514 | Vaults:3 | Received a gift from Nemelex Xobeh
 41706 | Vaults:3 | Noticed Nikola
 41732 | Vaults:3 | Killed Nikola
 41804 | Vaults:3 | Received a gift from Nemelex Xobeh
 41903 | Vaults:3 | Reached XP level 21. HP: 147/167 MP: 29/32
 42183 | Vaults:3 | Found a staircase to the Crypt.
 43216 | Vaults:4 | Found a ruined gateway.
 43234 | Desolati | Entered the Desolation of Salt
 43234 | Desolati | Received a gift from Nemelex Xobeh
 43709 | Desolati | Received a gift from Nemelex Xobeh
 43752 | Desolati | Identified the Incunabulum of Translocation
 43756 | Desolati | Identified the cursed +0 pair of gloves of Kioruif {rElec rPois rC+ MR+} (You found it in the Desolation of Salt)
 43758 | Desolati | Got a flickering silver ring
 43760 | Desolati | Identified the cursed ring of the Yeti {+Blink Str+4 Dex-2} (You found it in the Desolation of Salt)
 43787 | Desolati | Got a crude lapis lazuli ring
 44023 | Desolati | Identified the Grimoire of the Voyage
 44033 | Desolati | Identified the Tome of the Escort and Evil Rituals
 44035 | Desolati | Identified Vaoloul's Handbook of Creative Feathers
 44071 | Desolati | Received a gift from Nemelex Xobeh
 44551 | Vaults:4 | Reached skill level 10 in Fighting
 44616 | Vaults:4 | Received a gift from Nemelex Xobeh
 44847 | Vaults:4 | Found a runed gate.
 44852 | Vaults:4 | Found a runed gate.
 44852 | Vaults:4 | Found a runed gate.
 44857 | Vaults:4 | Noticed Vajrapani's ghost (adept DDFi)
 44906 | Vaults:4 | Killed Vajrapani's ghost
 45012 | Vaults:4 | Received a gift from Nemelex Xobeh
 45527 | Crypt:1  | Entered Level 1 of the Crypt
 45682 | Crypt:1  | Reached XP level 22. HP: 92/174 MP: 25/34
 47159 | Crypt:2  | Received a gift from Nemelex Xobeh
 47339 | Crypt:2  | Identified the ring of Zeroch {Str+2 Int+4 Dex-5 Stlth+} (You took it off a ragged hierophant in the Desolation of Salt)
 47935 | Crypt:3  | Entered Level 3 of the Crypt
 48391 | Crypt:3  | Received a gift from Nemelex Xobeh
 48543 | Crypt:3  | Found a staircase to the Tomb.
 48730 | Crypt:3  | Got a glittering lead amulet
 48731 | Crypt:3  | Identified the amulet "Mit Xakk" {Spirit rPois} (You found it on level 3 of the Crypt)
 49261 | Crypt:3  | Found an ancient bone altar of Kikubaaqudgha.
 49261 | Crypt:3  | Noticed an ancient lich
 49274 | Crypt:3  | Killed an ancient lich
 49277 | Crypt:3  | Noticed an ancient lich
 49285 | Crypt:3  | Killed an ancient lich
 49325 | Crypt:3  | Identified the Catalogue of Evil Rites
 49355 | Crypt:3  | Identified the +1 scale mail of Absolutism {Int+4} (You found it on level 3 of the Crypt)
 49475 | Crypt:3  | Reached XP level 23. HP: 179/179 MP: 35/35
 50045 | Elf:3    | Entered Level 3 of the Elven Halls
 50045 | Elf:3    | Noticed Saint Roka
 50077 | Elf:3    | Killed Saint Roka
 50108 | Elf:3    | Found Qopou's Food Boutique.
 50564 | Elf:3    | Reached skill level 27 in Unarmed Combat
 50735 | Elf:3    | Received a gift from Nemelex Xobeh
 51042 | Elf:3    | Found the +7 Spriggan's Knife {MR+ EV+4 Dex+4 Stlth+}
 51056 | Elf:3    | Found the +0 Maxwell's etheric cage {RegenMP+ *Contam rElec MP+4}
 51075 | Elf:3    | Got a translucent hat
 51086 | Elf:3    | Identified the -3 hat of Too Many Cooks {rC+} (You found it on level 3 of the Elven Halls)
 51816 | Depths:1 | Entered Level 1 of the Depths
 51955 | Depths:1 | Identified the +5 plate armour "Hepuceha" {rElec Str-2 Dex+9 Stlth+} (You found it on level 1 of the Depths)
 52082 | Depths:1 | Found a runed gate.
 52082 | Depths:1 | Found a runed gate.
 52083 | Depths:1 | Found a runed gate.
 52084 | Depths:1 | Found a runed gate.
 52084 | Depths:1 | Found a runed gate.
 52084 | Depths:1 | Found a runed gate.
 52169 | Depths:1 | Received a gift from Nemelex Xobeh
 52186 | Depths:1 | Found a gateway to Hell.
 52405 | Depths:1 | Found Daptogey's Gadget Emporium.
 52407 | Depths:1 | Found Keqengef's Jewellery Boutique.
 52408 | Depths:1 | Found Cufrofae's Gadget Emporium.
 52731 | Depths:1 | Found the +2 Maxwell's thermic engine {flame, freeze}
 53265 | Depths:1 | Reached XP level 24. HP: 188/192 MP: 35/35
 53563 | Depths:2 | Received a gift from Nemelex Xobeh
 54128 | Depths:2 | Found a one-way gate to the infinite horrors of the Abyss.
 54147 | Depths:3 | Received a gift from Nemelex Xobeh
 55087 | Depths:3 | Found a one-way gate leading to the halls of Pandemonium.
 55105 | Depths:3 | Found a gateway to a ziggurat.
 55105 | Depths:3 | Received a gift from Nemelex Xobeh
 56133 | Depths:3 | Reached skill level 15 in Shields
 56471 | Depths:4 | Noticed Sojobo
 56854 | Depths:4 | Reached skill level 15 in Armour
 58070 | Depths:4 | Received a gift from Nemelex Xobeh
 58081 | Depths:4 | Reached XP level 25. HP: 194/202 MP: 36/36
 58364 | Depths:4 | Received a gift from Nemelex Xobeh
 58451 | Depths:4 | Killed Sojobo
 58602 | Depths:4 | Found a viscous altar of Jiyva.
 58727 | Depths:5 | Entered Level 5 of the Depths
 59123 | Depths:5 | Reached skill level 10 in Dodging
 59228 | Depths:4 | Got a flickering bronze amulet
 59234 | Depths:4 | Identified the amulet of Undoing {Gourm Dex+4 SInv} (You took it off a boggart on level 4 of the Depths)
 59345 | Depths:5 | Received a gift from Nemelex Xobeh
 59350 | Depths:5 | Paralysed by a floating eye for 3 turns
 59766 | Depths:5 | Found a gate to the Realm of Zot.
 60368 | Slime:1  | Entered Level 1 of the Pits of Slime
 61541 | Slime:3  | Reached XP level 26. HP: 177/211 MP: 36/36
 62368 | Slime:5  | Entered Level 5 of the Pits of Slime
 62368 | Slime:5  | Received a gift from Nemelex Xobeh
 62652 | Slime:5  | Received a gift from Nemelex Xobeh
 63507 | Slime:5  | Found a viscous altar of Jiyva.
 63573 | Slime:5  | Noticed the Royal Jelly
 63592 | Slime:5  | Killed the Royal Jelly
 64184 | Slime:5  | Got a slimy rune of Zot
 64233 | Slime:5  | Identified Busyew's Handbook of Harmful Curses
 64806 | Zot:1    | Entered Level 1 of the Realm of Zot
 65078 | Zot:1    | Received a gift from Nemelex Xobeh
 65723 | Zot:1    | Received a gift from Nemelex Xobeh
 66237 | Zot:1    | Noticed an orb of fire
 66381 | Zot:1    | Killed an orb of fire
 66413 | Zot:2    | Reached skill level 1 in Evocations
 66413 | Zot:2    | Reached XP level 27. HP: 169/221 MP: 36/36
 66556 | Zot:2    | Received a gift from Nemelex Xobeh
 67081 | Zot:2    | Received a gift from Nemelex Xobeh
 67827 | Zot:3    | Received a gift from Nemelex Xobeh
 68323 | Zot:4    | Found a glowing golden altar of the Shining One.
 68421 | Zot:4    | Received a gift from Nemelex Xobeh
 69088 | Zot:5    | Entered Level 5 of the Realm of Zot
 69088 | Zot:5    | Received a gift from Nemelex Xobeh
 69606 | Zot:5    | Noticed an ancient lich
 69867 | Zot:5    | Killed an ancient lich
 70709 | Zot:5    | Noticed an orb of fire
 70724 | Zot:5    | Killed an orb of fire
 71076 | Zot:5    | Reached skill level 15 in Fighting
 71469 | Zot:5    | Noticed an orb of fire
 71489 | Zot:5    | Killed an orb of fire
 71868 | Hell     | Entered the Vestibule of Hell
 71871 | Hell     | Noticed Geryon
 72401 | Hell     | Received a gift from Nemelex Xobeh
 72409 | Hell     | Killed Geryon
 72673 | Hell     | Found a gateway to the ashen valley of Gehenna.
 72723 | Hell     | Found a gateway to the decaying netherworld of Tartarus.
 72930 | Hell     | Noticed Murray
 72956 | Hell     | Killed Murray
 73176 | Hell     | Found a gateway to the Iron City of Dis.
 73336 | Hell     | Received a gift from Nemelex Xobeh
 73402 | Hell     | Found a gateway to the freezing wastes of Cocytus.
 73505 | Geh:1    | Entered Level 1 of Gehenna
 74644 | Geh:2    | Received a gift from Nemelex Xobeh
 75271 | Geh:5    | Received a gift from Nemelex Xobeh
 75439 | Geh:7    | Entered Level 7 of Gehenna
 76346 | Geh:7    | Received a gift from Nemelex Xobeh
 76481 | Geh:7    | Identified the Papyrus of Transmigration and Ignition
 77303 | Geh:7    | Received a gift from Nemelex Xobeh
 77331 | Geh:7    | Noticed Asmodeus
 77359 | Geh:7    | Killed Asmodeus
 77408 | Geh:7    | Got an obsidian rune of Zot
 77429 | Geh:7    | Identified the Collected Works on Sinister Secrets and Conjuration
 77434 | Geh:7    | Identified Asedaqupeff's Almanac of Confrontation
 77442 | Geh:7    | Identified the amulet "Evuecvir" {Inacc MR+ Str+3} (You found it on level 7 of Gehenna)
 77449 | Geh:7    | Identified the ring "Ypetuun" {rF+ rC+ rN+ Str+5 Slay+2} (You found it on level 7 of Gehenna)
 77462 | Geh:7    | Identified the cursed ring of Neid Pukei {*Contam Int+7 Dex-3} (You found it on level 7 of Gehenna)
 78119 | Tar:1    | Entered Level 1 of Tartarus
 78904 | Tar:2    | Received a gift from Nemelex Xobeh
 80780 | Tar:4    | Received a gift from Nemelex Xobeh
 80897 | Tar:4    | Received a gift from Nemelex Xobeh
 81424 | Tar:4    | Received a gift from Nemelex Xobeh
 82305 | Tar:6    | Reached skill level 15 in Dodging
 82514 | Tar:6    | Received a gift from Nemelex Xobeh
 82586 | Tar:7    | Entered Level 7 of Tartarus
 84278 | Coc:1    | Entered Level 1 of Cocytus
 84725 | Coc:1    | Received a gift from Nemelex Xobeh
 85136 | Coc:4    | Received a gift from Nemelex Xobeh
 85501 | Coc:5    | Received a gift from Nemelex Xobeh
 85977 | Coc:7    | Entered Level 7 of Cocytus
 86591 | Coc:7    | Received a gift from Nemelex Xobeh
 87484 | Coc:7    | Got a smoking tin amulet
 87485 | Coc:7    | Identified the amulet "Inoal" {Gourm rPois MR+ Dex+4} (You found it on level 7 of Cocytus)
 88284 | Coc:7    | Noticed Antaeus
 88308 | Coc:7    | Killed Antaeus
 88349 | Coc:7    | Got an icy rune of Zot
 88604 | Dis:1    | Entered Level 1 of the Iron City of Dis
 88890 | Dis:2    | Received a gift from Nemelex Xobeh
 89217 | Dis:3    | Received a gift from Nemelex Xobeh
 89382 | Dis:3    | Received a gift from Nemelex Xobeh
 89685 | Dis:5    | Reached skill level 27 in Shields
 89882 | Dis:5    | Found an ancient bone altar of Kikubaaqudgha.
 90679 | Dis:6    | Received a gift from Nemelex Xobeh
 90720 | Dis:7    | Entered Level 7 of the Iron City of Dis
 92118 | Dis:7    | Received a gift from Nemelex Xobeh
 93039 | Dis:7    | Identified the Grimoire of Envenoming
 93367 | Dis:7    | Got a warped cloak
 93383 | Dis:7    | Identified the +1 cloak of the Earth {rElec rCorr Str+8 Int-5} (You found it on level 7 of the Iron City of Dis)
 93383 | Dis:7    | Lost intelligence.
 93579 | Dis:7    | Noticed Dispater
 93600 | Dis:7    | Reached skill level 10 in Stealth
 93622 | Dis:7    | Killed Dispater
 93684 | Dis:7    | Got an iron rune of Zot
 94090 | Tar:2    | Received a gift from Nemelex Xobeh
 95472 | Tar:7    | Noticed Ereshkigal
 95503 | Tar:7    | Killed Ereshkigal
 95526 | Tar:7    | Got a bone rune of Zot
 95695 | Tar:7    | Identified the +5 shield "Rymaug" {MR+} (You found it on level 7 of Tartarus)
 96695 | Tar:7    | Got a fine golden ring
 96698 | Tar:7    | Identified the ring "Vahyaf" {Ice rPois Dex+3} (You found it on level 7 of Tartarus)
 96935 | Depths:4 | Voluntarily entered the Abyss.
 97210 | Abyss:1  | Received a gift from Nemelex Xobeh
 97333 | Abyss:1  | Found a burning altar of Makhleb.
 97569 | Abyss:2  | Received a gift from Nemelex Xobeh
 97671 | Abyss:2  | Found a corrupted altar of Lugonu.
 97839 | Abyss:2  | Received a gift from Nemelex Xobeh
 98155 | Abyss:3  | Received a gift from Nemelex Xobeh
 98306 | Abyss:3  | Received a gift from Nemelex Xobeh
 98442 | Abyss:3  | Lost intelligence.
 98897 | Abyss:3  | Found a corrupted altar of Lugonu.
 98917 | Abyss:3  | Lost intelligence.
 99088 | Abyss:3  | Paralysed by accursed screaming for 2 turns
 99106 | Abyss:3  | Paralysed by accursed screaming for 1 turns
 99110 | Abyss:3  | Paralysed by accursed screaming for 2 turns
 99143 | Abyss:3  | Paralysed by accursed screaming for 1 turns
 99149 | Abyss:3  | Paralysed by accursed screaming for 1 turns
 99439 | Abyss:3  | Paralysed by accursed screaming for 1 turns
 99726 | Abyss:3  | Received a gift from Nemelex Xobeh
 99938 | Abyss:3  | Paralysed by accursed screaming for 1 turns
100650 | Abyss:3  | Received a gift from Nemelex Xobeh
101116 | Abyss:3  | Killed from afar by a Tzitzimitl

Skill      XL: |  1  2  3  4  5  6  7  8  9 10 11 12 13 14 15 16 17 18 19 20 21 22 23 24 25 26 27 |
---------------+----------------------------------------------------------------------------------+-----
Dodging        | 3 4 5 6 7 8 9 10 11 19 | 19.2
Unarmed Combat | 4 5 7 8 10 12 13 15 17 19 20 21 22 23 24 25 26 27 | 27.0
Armour         | 2 3 4 5 6 7 8 9 10 11 12 13 14 15 16 25 | 25.7
Fighting       | 4 6 7 8 9 10 11 12 13 23 | 23.1
Invocations    | 1 2 4 5 9 10 12 13 14 15 16 17 18 19 20 26 | 26.9
Shields        | 1 3 4 5 6 7 9 11 12 14 15 17 18 27 | 27.0
Stealth        | 3 4 5 6 7 12 | 12.9
Spellcasting   | 3 |  3.4
Evocations     | 1 |  1.6
Throwing       | |  0.5

Action                   |  1- 3 |  4- 6 |  7- 9 | 10-12 | 13-15 | 16-18 | 19-21 | 22-24 | 25-27 || total
-------------------------+-------+-------+-------+-------+-------+-------+-------+-------+-------++-------
Melee: Unarmed           |    95 |   179 |   245 |   398 |  1299 |  1597 |  1853 |  1746 | 11002 || 18414
       Punch             |       |     1 |     1 |       |       |       |       |       |       ||     2
Throw: Tomahawk          |     1 |       |       |     8 |     3 |       |       |       |       ||    12
 Abil: Evoke Blink       |       |       |       |       |       |       |       |       |     3 ||     3
Evoke: Deck              |       |       |    10 |    25 |    69 |    46 |    55 |    49 |   149 ||   403
       Wand              |       |       |       |       |     9 |     3 |       |     2 |     2 ||    16
  Use: Scroll            |       |     6 |    10 |       |    19 |     7 |    18 |    14 |    21 ||    95
       Potion            |       |     1 |       |     1 |     5 |     5 |    10 |     4 |    22 ||    48
 Stab: Sleeping          |     5 |       |       |     2 |     3 |     5 |       |       |     3 ||    18
       Distracted        |       |       |       |     1 |     3 |     4 |     8 |     4 |    28 ||    48
       Confused          |       |       |       |       |       |     1 |       |       |     2 ||     3
       Petrified         |       |       |       |       |       |       |     3 |     2 |     6 ||    11
       Fleeing           |       |       |       |       |       |       |     2 |       |       ||     2
       Paralysed         |       |       |       |       |       |       |       |       |     2 ||     2
       Petrifying        |       |       |       |       |       |       |       |       |     1 ||     1
  Eat: Chunk             |     2 |     7 |    18 |    62 |   153 |   210 |   169 |   150 |   561 ||  1332
       Ration            |       |     1 |       |       |       |       |       |     4 |     9 ||    14
Armor: Robe              |    15 |       |       |       |       |       |       |       |       ||    15
       Chain mail        |    12 |    89 |    97 |       |       |   427 |       |       |       ||   625
       Ring mail         |       |       |    19 |   119 |    69 |       |       |       |       ||   207
       Plate armour      |       |       |       |       |   182 |   258 |   576 |   514 |  2330 ||  3860
       Scale mail        |       |       |       |       |    72 |       |       |       |       ||    72
Dodge: Dodged            |    54 |    54 |   101 |   387 |   676 |   679 |   793 |   550 |  2682 ||  5976
Block: Buckler           |       |       |    38 |   141 |   341 |   425 |       |       |       ||   945
       Shield            |       |       |       |       |       |   112 |   368 |   863 |   158 ||  1501
       Large shield      |       |       |       |       |       |       |  1147 |       |  9960 || 11107
       Reflection        |       |       |       |       |       |       |       |       |    73 ||    73
